[Event "FIDE CB Open 2022"]
[Site "Ceske Budejovice"]
[Date "2022.07.03"]
[Round "3.28"]
[White "Vltavsky, Vladimir"]
[Black "Simunek, Jakub Simon"]
[Result "1-0"]
[ECO "D33"]
[WhiteElo "2106"]
[BlackElo "1887"]
[Annotator "NA"]
[PlyCount "47"]
[EventDate "2022.07.01"]
[EventType "swiss"]
[EventCountry "CZE"]
[SourceTitle "playchess.com"]
[Source "ChessBase"]
[SourceQuality "1"]
[TimeControl "40/5400+30:1800+30"]

1. d4 e6 2. Nf3 d5 3. c4 Nf6 4. Nc3 c5 5. cxd5 exd5 6. g3 Nc6 7. Bg2 Be6 8. O-O Qd7 9. Re1 O-O-O 10. Bf4 Nh5 11. Be3 Be7 12. Rc1 f5 13. Na4 f4 14. gxf4 Bh3 15. Bxh3 Qxh3 16. Nxc5 Rd6 17. Kh1 Nf6 18. Rg1 Ne4 19. Nxe4 dxe4 20. Ne5 Qe6 21. Qa4 a6 22. Nxc6 Rxc6 23. Rxc6+ Qxc6 24. Rc1 1-0

[Event "FIDE CB Open 2022"]
[Site "Ceske Budejovice"]
[Date "2022.07.03"]
[Round "3.29"]
[White "Zaza, Martin"]
[Black "Hladky, Tadeas"]
[Result "1/2-1/2"]
[ECO "A34"]
[WhiteElo "1911"]
[BlackElo "2095"]
[Annotator "NA"]
[PlyCount "80"]
[EventDate "2022.07.01"]
[EventType "swiss"]
[EventCountry "CZE"]
[SourceTitle "playchess.com"]
[Source "ChessBase"]
[SourceQuality "1"]
[TimeControl "40/5400+30:1800+30"]

1. Nf3 d5 2. g3 Nf6 3. Bg2 c5 4. c4 Nc6 5. cxd5 Nxd5 6. Nc3 Nxc3 7. bxc3 g6 8. O-O Bg7 9. Bb2 Qb6 10. Rb1 Bf5 11. d3 O-O 12. Ba1 Qc7 13. c4 e5 14. Nd2 Rad8 15. Qa4 Bd7 16. Qa3 b6 17. Ne4 Bg4 18. Nc3 Nd4 19. Rb2 Rd7 20. h3 Be6 21. Nd5 Qd6 22. Rd2 Nf5 23. e4 Nd4 24. f4 f6 25. Bxd4 cxd4 26. Qxd6 Rxd6 27. fxe5 fxe5 28. Rxf8+ Kxf8 29. Rf2+ Ke8 30. Nc7+ Ke7 31. Nxe6 Rxe6 32. h4 Rc6 33. Rb2 Rc5 34. Kf2 Ra5 35. Ke2 Ra3 36. g4 Bf6 37. g5 Bg7 38. c5 bxc5 39. Rb7+ Kf8 40. Rb8+ Kf7 1/2-1/2

[Event "FIDE CB Open 2022"]
[Site "Ceske Budejovice"]
[Date "2022.07.03"]
[Round "3.30"]
[White "Hrbolka, Ladislav"]
[Black "Koc, Azra Ece"]
[Result "0-1"]
[ECO "D02"]
[WhiteElo "2164"]
[BlackElo "1867"]
[Annotator "ChessBase"]
[PlyCount "31"]
[EventDate "2022.07.01"]
[EventType "swiss"]
[EventCountry "CZE"]
[SourceTitle "playchess.com"]
[Source "ChessBase"]
[SourceQuality "1"]
[TimeControl "40/5400+30:1800+30"]

1. d4 Nf6 2. Nf3 e6 3. Bf4 d5 4. e3 Bd6 5. Bg3 c5 6. Nbd2 Qc7 7. c4 Nbd7 8. cxd5 exd5 9. dxc5 Nxc5 10. Rc1 Qe7 11. Bb5+ Bd7 12. Bxd7+ Qxd7 13. Bxd6 Nd3+ 14. Kf1 Nxc1 15. Be5 Qb5+ 16. Kg1 0-1

[Event "FIDE CB Open 2022"]
[Site "Ceske Budejovice"]
[Date "2022.07.03"]
[Round "3.31"]
[White "Laith, Kasib"]
[Black "Musil, Vitezslav"]
[Result "1/2-1/2"]
[ECO "A04"]
[WhiteElo "2079"]
[BlackElo "1834"]
[Annotator "ChessBase"]
[PlyCount "80"]
[EventDate "2022.07.01"]
[EventType "swiss"]
[EventCountry "CZE"]
[SourceTitle "playchess.com"]
[Source "ChessBase"]
[SourceQuality "1"]
[TimeControl "40/5400+30:1800+30"]

1. e4 c5 2. Nf3 Nc6 3. d3 d6 4. g3 g6 5. Bg2 Bg7 6. O-O e5 7. Re1 Nge7 8. c3 O-O 9. a3 h6 10. b4 Kh7 11. b5 Nb8 12. c4 a6 13. Nc3 axb5 14. cxb5 Be6 15. Bb2 Nd7 16. Nd2 b6 17. Nc4 Qc7 18. Rc1 Rab8 19. Ne3 f5 20. exf5 Nxf5 21. Nxf5 Bxf5 22. Nd5 Qd8 23. Rc4 Nf6 24. Nxf6+ Qxf6 25. f4 Be6 26. Rce4 Qf7 27. Rf1 Qd7 28. fxe5 dxe5 29. Ree1 Qxb5 30. Bxe5 Rxf1+ 31. Bxf1 Bxe5 32. Rxe5 Qd7 33. Qe2 Re8 34. Qe3 Bf7 35. Rxe8 Qxe8 36. Qxe8 Bxe8 37. Kf2 Kg7 38. Ke3 Kf6 39. d4 cxd4+ 40. Kxd4 Ke6 1/2-1/2

[Event "FIDE CB Open 2022"]
[Site "Ceske Budejovice"]
[Date "2022.07.03"]
[Round "3.32"]
[White "Zeleny, Tomas"]
[Black "Placer, Sebastian"]
[Result "1/2-1/2"]
[ECO "C02"]
[WhiteElo "2136"]
[BlackElo "2062"]
[Annotator "RC"]
[PlyCount "199"]
[EventDate "2022.07.01"]
[EventType "swiss"]
[EventCountry "CZE"]
[SourceTitle "playchess.com"]
[Source "ChessBase"]
[SourceQuality "1"]
[TimeControl "40/5400+30:1800+30"]

1. e4 e6 2. d4 d5 3. e5 c5 4. Nf3 Nc6 5. Bd3 Nxd4 6. Nxd4 cxd4 7. O-O Ne7 8. Bf4 Nc6 9. Nd2 Be7 10. Re1 Qb6 11. Nb3 Bd7 12. h4 O-O-O 13. a4 Bb4 14. Re2 f6 15. Bb5 fxe5 16. Bxc6 exf4 17. Bxd7+ Rxd7 18. Qxd4 Re8 19. Qxf4 Bd6 20. Qd4 Qxd4 21. Nxd4 e5 22. Rae1 Rf8 23. Nf3 e4 24. Nd4 Be5 25. Rd1 Rf4 26. g3 Rg4 27. c3 a6 28. Kg2 Kc7 29. Nc2 Rg6 30. Red2 Rgd6 31. Kf1 Kc6 32. Ke2 Kc5 33. Nd4 g6 34. Ke3 Bg7 35. g4 Be5 36. f4 exf3 37. Nxf3 Bg7 38. Kf4 Rf7+ 39. Kg3 Re7 40. Kf4 Re4+ 41. Kg3 Rxa4 42. Re2 Rd7 43. Ng5 Kc4 44. Nxh7 Kb3 45. Ng5 Ra2 46. Ne6 b6 47. Nxg7 Rxg7 48. Rxd5 Rxb2 49. Re6 Kxc3 50. Rc6+ Kb3 51. Rxb6+ Kc4 52. Rxb2 Kxd5 53. Rb6 a5 54. Rb5+ Ke6 55. Rxa5 Rb7 56. Kf4 Kf6 57. Ra6+ Kg7 58. Ra4 Rc7 59. Ke5 Rb7 60. Kd6 Rb6+ 61. Kd5 Rb7 62. Rc4 Rf7 63. Ke5 Re7+ 64. Kd6 Re1 65. g5 Rd1+ 66. Ke6 Re1+ 67. Kd6 Rd1+ 68. Ke7 Re1+ 69. Kd8 Rd1+ 70. Kc8 Rh1 71. Rc7+ Kg8 72. Rc4 Kg7 73. Re4 Rc1+ 74. Kd8 Rd1+ 75. Ke8 Rh1 76. Re7+ Kg8 77. Re4 Kg7 78. Rd4 Re1+ 79. Kd8 Re2 80. Rd7+ Kf8 81. Rd4 Kg7 82. Kc7 Rc2+ 83. Kd6 Rh2 84. Ke5 Re2+ 85. Kf4 Re7 86. Kg4 Rb7 87. Ra4 Rc7 88. h5 gxh5+ 89. Kxh5 Rb7 90. Ra6 Rc7 91. Rg6+ Kh7 92. Rb6 Kg7 93. Rb5 Ra7 94. Rc5 Rb7 95. Ra5 Rc7 96. g6 Rb7 97. Kg5 Rc7 98. Kf5 Rb7 99. Re5 Ra7 100. Kg5 1/2-1/2

[Event "FIDE CB Open 2022"]
[Site "Ceske Budejovice"]
[Date "2022.07.03"]
[Round "3.33"]
[White "Hradek, Matyas"]
[Black "Simecek, Bohumil"]
[Result "0-1"]
[ECO "B12"]
[WhiteElo "1888"]
[BlackElo "2059"]
[Annotator "ChessBase"]
[PlyCount "72"]
[EventDate "2022.07.01"]
[EventType "swiss"]
[EventCountry "CZE"]
[SourceTitle "playchess.com"]
[Source "ChessBase"]
[SourceQuality "1"]
[TimeControl "40/5400+30:1800+30"]

1. e4 c6 2. d4 d5 3. e5 Bf5 4. h4 h6 5. g4 Bd7 6. Be3 e6 7. Nc3 Qb6 8. Na4 Qc7 9. Nf3 b6 10. Nc3 a6 11. Ne2 c5 12. c3 Nc6 13. Nf4 cxd4 14. cxd4 Bb4+ 15. Bd2 Nge7 16. Bd3 g6 17. Rc1 Qb7 18. Ng2 Rc8 19. Bb1 Bxd2+ 20. Qxd2 Na5 21. Ne3 Bb5 22. b3 O-O 23. h5 Rxc1+ 24. Qxc1 Rc8 25. Qd2 g5 26. Nc2 Qc7 27. Rh3 Nec6 28. Nxg5 Nxe5 29. dxe5 Qxe5+ 30. Qe3 Qb2 31. Qd2 Qxb1+ 32. Qd1 Qxc2 33. Nf3 Qe4+ 34. Kd2 Qd3+ 35. Ke1 Qc3+ 36. Qd2 Qa1+ 0-1

[Event "FIDE CB Open 2022"]
[Site "Ceske Budejovice"]
[Date "2022.07.03"]
[Round "3.34"]
[White "Kotleska, Roman"]
[Black "Mrazik, Tomas"]
[Result "1/2-1/2"]
[ECO "B36"]
[WhiteElo "1863"]
[BlackElo "2055"]
[Annotator "RC"]
[PlyCount "104"]
[EventDate "2022.07.01"]
[EventType "swiss"]
[EventCountry "CZE"]
[SourceTitle "playchess.com"]
[Source "ChessBase"]
[SourceQuality "1"]
[TimeControl "40/5400+30:1800+30"]

1. e4 c5 2. Nf3 g6 3. c4 Nc6 4. d4 cxd4 5. Nxd4 Nf6 6. Nc3 d6 7. Be2 Nxd4 8. Qxd4 Bg7 9. Be3 O-O 10. Qd2 a5 11. O-O a4 12. Rab1 Qa5 13. f3 Be6 14. Nd5 Qxd2 15. Nxe7+ Kh8 16. Bxd2 Rfe8 17. Nd5 Nxd5 18. cxd5 Bxd5 19. Bb5 Bd4+ 20. Kh1 Bxa2 21. Ra1 Re5 22. Rxa2 Rxb5 23. Bc3 Bxc3 24. bxc3 Rc5 25. Ra3 b5 26. Kg1 Rac8 27. Rb1 d5 28. exd5 Rxd5 29. Rb4 Kg7 30. c4 bxc4 31. Raxa4 c3 32. Rc4 Rdc5 33. Rxc5 Rxc5 34. Ra1 Kf6 35. Kf2 Ke5 36. Ke3 g5 37. Kd3 h5 38. Re1+ Kf4 39. Re4+ Kf5 40. Kc2 h4 41. g4+ Kf6 42. f4 gxf4 43. Rxf4+ Kg6 44. h3 Ra5 45. Rf3 Ra2+ 46. Kd1 Rg2 47. Rxc3 Kg5 48. Rf3 Rg3 49. Ke2 Rxf3 50. Kxf3 f5 51. gxf5 Kxf5 52. Ke3 Ke5 1/2-1/2

[Event "FIDE CB Open 2022"]
[Site "Ceske Budejovice"]
[Date "2022.07.03"]
[Round "3.35"]
[White "Zezula, Jakub"]
[Black "Puncochar, Jiri"]
[Result "0-1"]
[ECO "C97"]
[WhiteElo "1831"]
[BlackElo "2020"]
[Annotator "RC"]
[PlyCount "116"]
[EventDate "2022.07.01"]
[EventType "swiss"]
[EventCountry "CZE"]
[SourceTitle "playchess.com"]
[Source "ChessBase"]
[SourceQuality "1"]
[TimeControl "40/5400+30:1800+30"]

1. e4 e5 2. Nf3 Nc6 3. Bb5 a6 4. Ba4 Nf6 5. O-O Be7 6. Re1 b5 7. Bb3 O-O 8. h3 d6 9. c3 Na5 10. Bc2 c5 11. d4 Qc7 12. Nbd2 Re8 13. d5 Bf8 14. Nf1 g6 15. Bg5 Bg7 16. Ng3 Bd7 17. b3 Reb8 18. Qd2 Nb7 19. Bh6 Qd8 20. Bg5 a5 21. Nh2 Qf8 22. Nhf1 Ne8 23. a3 Nc7 24. b4 Ra7 25. Reb1 Rba8 26. Qc1 Qc8 27. Bd2 Ne8 28. Ne3 Bh6 29. Qb2 Bf4 30. Bd3 axb4 31. axb4 c4 32. Bc2 Nf6 33. Nef1 Bxd2 34. Nxd2 h5 35. Nf3 Qb8 36. Kh2 Kg7 37. Kg1 Nd8 38. Qc1 Nh7 39. Qb2 f6 40. h4 Nf7 41. Nf1 Nh6 42. Ne3 Nf8 43. Bd1 Qb6 44. g3 Bg4 45. Kg2 Nd7 46. Ne1 Bxd1 47. Rxd1 Qb7 48. N1c2 Nb6 49. Rxa7 Rxa7 50. Ra1 Na4 51. Qa3 Ra6 52. f3 f5 53. Qa2 fxe4 54. fxe4 Nc5 55. Qb1 Rxa1 56. Qxa1 Nxe4 57. Qa5 Nxc3 58. Qd8 Nf7 0-1

[Event "FIDE CB Open 2022"]
[Site "Ceske Budejovice"]
[Date "2022.07.03"]
[Round "3.36"]
[White "Kosut, Tomas"]
[Black "Radovic, Stefan"]
[Result "1-0"]
[ECO "B33"]
[WhiteElo "1820"]
[BlackElo "2018"]
[Annotator "RC"]
[PlyCount "218"]
[EventDate "2022.07.01"]
[EventType "swiss"]
[EventCountry "CZE"]
[SourceTitle "playchess.com"]
[Source "ChessBase"]
[SourceQuality "1"]
[TimeControl "40/5400+30:1800+30"]

1. e4 c5 2. Nf3 Nc6 3. d4 cxd4 4. Nxd4 Nf6 5. Nc3 e5 6. Ndb5 d6 7. Bg5 a6 8. Na3 b5 9. Bxf6 gxf6 10. Nd5 f5 11. exf5 Bxf5 12. c3 Bg7 13. Qf3 Be6 14. Nf6+ Qxf6 15. Qxc6+ Ke7 16. Qb7+ Bd7 17. Nc2 Rhb8 18. Qc7 Rc8 19. Qb7 Ke8 20. Nb4 Bh6 21. Rd1 Bg4 22. Nd5 Qd8 23. Be2 Bd7 24. Nb6 Bc6 25. Nxc8 Bxb7 26. Nxd6+ Kf8 27. Nxb7 Qe7 28. Nd6 Rd8 29. Nf5 Rxd1+ 30. Bxd1 Qg5 31. Nxh6 Qxh6 32. O-O Qd2 33. Bb3 Qxb2 34. c4 b4 35. h3 a5 36. c5 Qc3 37. Rd1 Qxc5 38. Rd7 Qc1+ 39. Kh2 Qf4+ 40. Kg1 Qc1+ 41. Kh2 Qf4+ 42. Kg1 e4 43. Rd4 Kg7 44. Kf1 Qc1+ 45. Ke2 Qa3 46. Rxe4 a4 47. Rg4+ Kf8 48. Bc4 Qb2+ 49. Ke3 Qc3+ 50. Ke2 f6 51. g3 Ke7 52. Bg8 Qc2+ 53. Ke3 Kd6 54. Rd4+ Kc5 55. Rd5+ Kc6 56. Rd4 Qc1+ 57. Ke2 Qb2+ 58. Ke3 Qc1+ 59. Ke2 Qb2+ 60. Ke3 h6 61. h4 Kc5 62. Rd5+ Kc6 63. Rd4 Qc3+ 64. Rd3 Qe5+ 65. Kd2 Qe8 66. Bd5+ Kc5 67. f4 h5 68. f5 Qe5 69. Be6 Qb2+ 70. Ke3 Qg2 71. Kf4 Qf2+ 72. Ke4 Qe2+ 73. Re3 Qd2 74. Rd3 Qe2+ 75. Re3 Qg2+ 76. Rf3 Qc2+ 77. Rd3 Qc1 78. Rd5+ Kc6 79. Rd3 Qh1+ 80. Ke3 Kc5 81. Kf2 Qe4 82. Rd7 b3 83. axb3 axb3 84. Rc7+ Kb6 85. Rc4 Qc2+ 86. Ke3 Qg2 87. Rb4+ Ka5 88. Rxb3 Qxg3+ 89. Kd4 Qxh4+ 90. Kc5 Qf2+ 91. Kc6 Qc2+ 92. Kd6 Qe2 93. Ke7 Qe5 94. Rh3 Qe2 95. Kxf6 Qg4 96. Rb3 h4 97. Ke7 h3 98. f6 Qf4 99. Rxh3 Qc7+ 100. Ke8 Qd6 101. Kf7 Kb6 102. Rb3+ Kc5 103. Rc3+ Kd4 104. Rc8 Ke4 105. Re8 Kf3 106. Re7 Qc5 107. Kf8 Kf4 108. f7 Ke5 109. Ke8 Kd6 1-0

[Event "FIDE CB Open 2022"]
[Site "Ceske Budejovice"]
[Date "2022.07.03"]
[Round "3.37"]
[White "Rosol, Alexander"]
[Black "Wojdyla, Alex"]
[Result "1-0"]
[ECO "B80"]
[WhiteElo "2001"]
[BlackElo "1782"]
[Annotator "ChessBase"]
[PlyCount "81"]
[EventDate "2022.07.01"]
[EventType "swiss"]
[EventCountry "CZE"]
[SourceTitle "playchess.com"]
[Source "ChessBase"]
[SourceQuality "1"]
[TimeControl "40/5400+30:1800+30"]

1. e4 c5 2. Nf3 d6 3. d4 cxd4 4. Nxd4 Nf6 5. Nc3 Nc6 6. f3 a6 7. Be3 e6 8. Qd2 Be7 9. g4 Nd7 10. O-O-O O-O 11. h4 Nxd4 12. Bxd4 b5 13. g5 Ne5 14. Qe3 Bd7 15. f4 Nc4 16. Bxc4 bxc4 17. f5 exf5 18. exf5 Bxf5 19. Nd5 Re8 20. Qf4 Be4 21. Nf6+ Bxf6 22. gxf6 Qa5 23. Rhg1 Bg6 24. Bc3 Qxa2 25. Rg2 Qa1+ 26. Kd2 Qa4 27. Rxg6 hxg6 28. fxg7 Qb5 29. Qh6 f6 30. Qxg6 Qd5+ 31. Kc1 Qf7 32. Qf5 Re2 33. h5 Qxg7 34. Qd5+ Kh7 35. Qxa8 Qg5+ 36. Kb1 Qf5 37. Rc1 Qxh5 38. Bxf6 Re8 39. Qb7+ Kg6 40. Bc3 Re3 41. Rg1+ 1-0

[Event "FIDE CB Open 2022"]
[Site "Ceske Budejovice"]
[Date "2022.07.03"]
[Round "3.38"]
[White "Toman, Jan"]
[Black "Vojtek, Pavel"]
[Result "1-0"]
[ECO "E94"]
[WhiteElo "2142"]
[BlackElo "1711"]
[Annotator "ChessBase"]
[PlyCount "89"]
[EventDate "2022.07.01"]
[EventType "swiss"]
[EventCountry "CZE"]
[SourceTitle "playchess.com"]
[Source "ChessBase"]
[SourceQuality "1"]
[TimeControl "40/5400+30:1800+30"]

1. d4 Nf6 2. Nf3 d6 3. c4 g6 4. Nc3 Bg7 5. e4 O-O 6. Be2 Nbd7 7. O-O e5 8. d5 h6 9. Qc2 Kh7 10. Ne1 Ng8 11. Be3 Ne7 12. Nd3 f5 13. f3 f4 14. Bf2 Nf6 15. c5 Bd7 16. Qb3 b6 17. cxd6 cxd6 18. Rac1 Qe8 19. Qa3 Nc8 20. Nb4 Rf7 21. Na6 Qd8 22. Nb5 Ne8 23. Nbc7 Nxc7 24. Rxc7 Be8 25. Rxf7 Bxf7 26. Rc1 Be8 27. Nc7 Rb8 28. Ba6 Bd7 29. Bxc8 Bxc8 30. Qxa7 Rb7 31. Ne6 Rxa7 32. Nxd8 Rxa2 33. Bxb6 Rxb2 34. Bc7 Bf8 35. Nf7 Kg7 36. Nxe5 Ba6 37. Nd7 Be7 38. e5 Kf7 39. exd6 Bh4 40. Ne5+ Kg8 41. d7 Bf2+ 42. Kh1 Bh4 43. d8=Q+ Bxd8 44. Bxd8 Bc8 45. Nxg6 1-0

[Event "FIDE CB Open 2022"]
[Site "Ceske Budejovice"]
[Date "2022.07.03"]
[Round "3.39"]
[White "Petirova, Iva"]
[Black "Havelka, Josef"]
[Result "0-1"]
[ECO "B97"]
[WhiteElo "1722"]
[BlackElo "2396"]
[Annotator "RC"]
[PlyCount "86"]
[EventDate "2022.07.01"]
[EventType "swiss"]
[EventCountry "CZE"]
[SourceTitle "playchess.com"]
[Source "ChessBase"]
[SourceQuality "1"]
[TimeControl "40/5400+30:1800+30"]

1. e4 c5 2. Nf3 d6 3. d4 cxd4 4. Nxd4 Nf6 5. Nc3 a6 6. Bg5 e6 7. f4 Nbd7 8. Bd3 Be7 9. Qf3 Qb6 10. Nb3 Qc7 11. O-O-O b5 12. e5 Bb7 13. Be4 Nxe4 14. Nxe4 Bxe4 15. Qxe4 d5 16. Qe2 Bxg5 17. fxg5 Qxe5 18. Qxe5 Nxe5 19. Rhe1 f6 20. Rd2 Ke7 21. Nc5 Rhc8 22. gxf6+ gxf6 23. Nd3 Nc4 24. Rde2 e5 25. Nf4 d4 26. Nd5+ Ke6 27. Nf4+ Kd6 28. Nh5 f5 29. Ng3 Rf8 30. Rf1 f4 31. Ne4+ Kd5 32. Rf3 Ne3 33. Nd2 Rg8 34. Rh3 Ra7 35. g3 Rc7 36. Nf3 fxg3 37. hxg3 Rf7 38. Ne1 b4 39. Kd2 Rxg3 40. Rxg3 Nf1+ 41. Kd1 Nxg3 42. Rg2 Nf5 43. Kd2 Ne3 0-1

[Event "FIDE CB Open 2022"]
[Site "Ceske Budejovice"]
[Date "2022.07.03"]
[Round "3.40"]
[White "Svoboda, Petr"]
[Black "Nejdl, Eduard"]
[Result "1-0"]
[ECO "B03"]
[WhiteElo "2088"]
[BlackElo "1951"]
[Annotator "ChessBase"]
[PlyCount "120"]
[EventDate "2022.07.01"]
[EventType "swiss"]
[EventCountry "CZE"]
[SourceTitle "playchess.com"]
[Source "ChessBase"]
[SourceQuality "1"]
[TimeControl "40/5400+30:1800+30"]

1. e4 Nf6 2. e5 Nd5 3. c4 Nb6 4. d4 d6 5. f4 dxe5 6. fxe5 Bf5 7. Nc3 e6 8. Be3 Nc6 9. Be2 Be7 10. Nf3 O-O 11. O-O Bg6 12. Rc1 Qd7 13. Qd2 Rfd8 14. c5 Nd5 15. Nxd5 Qxd5 16. Bd3 Bxd3 17. Qxd3 Nxe5 18. Qc2 Ng4 19. Bf4 c6 20. h3 Nf6 21. b4 Qh5 22. Rce1 Nd5 23. Bd2 Qg6 24. Qd1 Qd3 25. Kh1 Bf6 26. Qb3 Qxb3 27. axb3 h6 28. Re4 Nc7 29. Rg4 Kf8 30. Bf4 Nd5 31. Bd6+ Rxd6 32. cxd6 Ne3 33. Nh2 Nxf1 34. Nxf1 Rd8 35. Ne3 Rxd6 36. Nc2 Rd5 37. Kg1 Be7 38. Kf1 f5 39. Rg3 Bf6 40. Re3 Kf7 41. Rc3 Bxd4 42. Rc4 Bb6 43. Ke2 Kf6 44. Ne1 e5 45. Nd3 g5 46. Rc1 Rb5 47. Rc4 e4 48. Nc1 Bc7 49. Na2 Bd6 50. Rd4 Ke5 51. Rd1 Bxb4 52. Rd8 Ba5 53. Re8+ Kf4 54. Kf1 Bb6 55. Nc1 Ke3 56. Re6 Kd2 57. Ne2 Rxb3 58. Rd6+ Ke3 59. Rd1 f4 60. Re1 Kd2 1-0

[Event "FIDE CB Open 2022"]
[Site "Ceske Budejovice"]
[Date "2022.07.03"]
[Round "3.41"]
[White "Hammel, Juergen"]
[Black "Stastna, Martina"]
[Result "1/2-1/2"]
[ECO "C45"]
[WhiteElo "1650"]
[BlackElo "1912"]
[Annotator "NA"]
[PlyCount "47"]
[EventDate "2022.07.01"]
[EventType "swiss"]
[EventCountry "CZE"]
[SourceTitle "playchess.com"]
[Source "ChessBase"]
[SourceQuality "1"]
[TimeControl "40/5400+30:1800+30"]

1. e4 e5 2. Nf3 Nc6 3. d4 exd4 4. Nxd4 Bc5 5. Be3 Qf6 6. c3 Nge7 7. g3 Bb6 8. Bg2 Nxd4 9. cxd4 d6 10. Nc3 O-O 11. O-O Qg6 12. Qd2 Qh5 13. Na4 Bh3 14. Nxb6 axb6 15. f4 Bxg2 16. Qxg2 d5 17. g4 Qg6 18. f5 Qd6 19. e5 Qd7 20. f6 Nc6 21. fxg7 Rfe8 22. Rf3 Ra4 23. Raf1 Nd8 24. h3 1/2-1/2

[Event "FIDE CB Open 2022"]
[Site "Ceske Budejovice"]
[Date "2022.07.03"]
[Round "3.42"]
[White "Svoboda, Daniel"]
[Black "Saravanan Durga"]
[Result "0-1"]
[ECO "B22"]
[WhiteElo "1679"]
[BlackElo "1908"]
[Annotator "ChessBase"]
[PlyCount "70"]
[EventDate "2022.07.01"]
[EventType "swiss"]
[EventCountry "CZE"]
[SourceTitle "playchess.com"]
[Source "ChessBase"]
[SourceQuality "1"]
[TimeControl "40/5400+30:1800+30"]

1. e4 c5 2. c3 Nf6 3. e5 Nd5 4. d4 cxd4 5. cxd4 e6 6. Nf3 d6 7. Bc4 Nc6 8. O-O Be7 9. Nc3 Nxc3 10. bxc3 dxe5 11. dxe5 Qc7 12. Bf4 b6 13. Bb5 Bb7 14. Nd4 O-O 15. Bxc6 Bxc6 16. Qg4 Rfd8 17. Rfd1 Ba4 18. Rd3 Bc2 19. Rg3 Bg6 20. Bg5 Bxg5 21. Qxg5 Rd5 22. Re1 b5 23. h4 Qd8 24. Qg4 h5 25. Qf4 Qd7 26. Qf3 Rc8 27. a3 a5 28. Rg5 b4 29. axb4 axb4 30. Ne2 Rd3 31. Qf4 Rd1 32. Rxd1 Qxd1+ 33. Kh2 Qxe2 34. cxb4 Rc4 35. Qg3 Qe4 0-1

[Event "FIDE CB Open 2022"]
[Site "Ceske Budejovice"]
[Date "2022.07.03"]
[Round "3.43"]
[White "Krejci, Vera Marie"]
[Black "Ondrejat, Miroslav"]
[Result "0-1"]
[ECO "B52"]
[WhiteElo "1554"]
[BlackElo "1903"]
[Annotator "RC"]
[PlyCount "131"]
[EventDate "2022.07.01"]
[EventType "swiss"]
[EventCountry "CZE"]
[SourceTitle "playchess.com"]
[Source "ChessBase"]
[SourceQuality "1"]
[TimeControl "40/5400+30:1800+30"]

1. e4 c5 2. Nf3 d6 3. Bb5+ Bd7 4. Bxd7+ Qxd7 5. c4 Nc6 6. Nc3 g6 7. d4 cxd4 8. Nxd4 Bg7 9. Be3 Nf6 10. h3 O-O 11. O-O Rac8 12. b3 Rfd8 13. Rc1 e6 14. Nde2 b6 15. Nf4 Qb7 16. Qe2 Ne7 17. Bd2 Rd7 18. Rfe1 Rcd8 19. Qf3 Nc6 20. Nfe2 h6 21. Nf4 Ne5 22. Qe2 g5 23. Nd3 Nxd3 24. Qxd3 d5 25. exd5 exd5 26. cxd5 Nxd5 27. Nxd5 Rxd5 28. Qf3 Qd7 29. Bb4 Rf5 30. Qe2 Bd4 31. Rf1 a5 32. Bc3 Bxc3 33. Rxc3 Qd2 34. Qxd2 Rxd2 35. a4 Rb2 36. f3 Rd5 37. Rfc1 Rdd2 38. g4 Kg7 39. Re1 Rg2+ 40. Kh1 Rg3 41. Ree3 Rxh3+ 42. Kg1 Rhh2 43. Red3 Rbg2+ 44. Kf1 Rc2 45. Rxc2 Rxc2 46. Rd6 Rc3 47. Rxb6 Rxf3+ 48. Ke2 Rf4 49. Rb5 Rxg4 50. Rxa5 h5 51. Rb5 Kg6 52. a5 Rg2+ 53. Kf1 Ra2 54. b4 h4 55. Rb6+ Kh5 56. a6 h3 57. Kg1 f5 58. b5 g4 59. Rc6 Ra1+ 60. Kh2 f4 61. Rc7 Ra2+ 62. Kh1 g3 63. Rc1 Kg4 64. Rb1 h2 65. b6 Kh3 66. b7 0-1

[Event "FIDE CB Open 2022"]
[Site "Ceske Budejovice"]
[Date "2022.07.03"]
[Round "3.44"]
[White "Shirinyan, Daniel"]
[Black "Travnicek, Jaroslav"]
[Result "1/2-1/2"]
[ECO "A07"]
[WhiteElo "1876"]
[BlackElo "1730"]
[Annotator "NA"]
[PlyCount "134"]
[EventDate "2022.07.01"]
[EventType "swiss"]
[EventCountry "CZE"]
[SourceTitle "playchess.com"]
[Source "ChessBase"]
[SourceQuality "1"]
[TimeControl "40/5400+30:1800+30"]

1. Nf3 d5 2. g3 Nf6 3. Bg2 e6 4. O-O Be7 5. d3 O-O 6. Nbd2 Nbd7 7. Re1 c5 8. b3 e5 9. e4 dxe4 10. dxe4 Qc7 11. Bb2 Rd8 12. Qe2 Ne8 13. Nc4 f6 14. Ne3 Nf8 15. Nd5 Qd6 16. Rad1 Bd7 17. Nd2 b5 18. c4 Nc7 19. Nf1 Nxd5 20. Rxd5 Qb6 21. Ne3 Bc6 22. Rxd8 Rxd8 23. Nd5 Bxd5 24. exd5 bxc4 25. bxc4 Bd6 26. Bc3 Rb8 27. Be4 Qc7 28. Bc2 Qd7 29. Qf3 Qf7 30. h4 Ng6 31. Bf5 Nf8 32. h5 g6 33. hxg6 hxg6 34. Bc2 Kg7 35. Kg2 Nh7 36. Rh1 Rh8 37. Qg4 Nf8 38. Rxh8 Kxh8 39. Ba4 Kg7 40. Qh3 Kg8 41. Qc8 Qc7 42. Qe8 Qe7 43. Qc8 Qc7 44. Qg4 Qe7 45. Bc2 Kg7 46. Qh4 Qd7 47. Bd2 g5 48. Qe4 Qf7 49. Qg4 Kh6 50. Qh3+ Qh5 51. Qc8 Qf7 52. Bf5 Qc7 53. Qe8 Qe7 54. Qb5 Qc7 55. Be3 Kg7 56. a4 Ng6 57. a5 Ne7 58. Be6 Kf8 59. Qb1 Kg7 60. a6 Nc8 61. Qb5 Nb6 62. Kf1 Kf8 63. Ke2 Qh7 64. Bxc5 $16 Qe4+ 65. Kf1 Qh1+ 66. Ke2 Qe4+ 67. Kf1 Qh1+ 1/2-1/2

[Event "FIDE CB Open 2022"]
[Site "Ceske Budejovice"]
[Date "2022.07.03"]
[Round "3.45"]
[White "Pavlis, Matej"]
[Black "Simacek, Vaclav"]
[Result "1/2-1/2"]
[ECO "A46"]
[WhiteElo "1625"]
[BlackElo "1856"]
[Annotator "NA"]
[PlyCount "104"]
[EventDate "2022.07.01"]
[EventType "swiss"]
[EventCountry "CZE"]
[SourceTitle "playchess.com"]
[Source "ChessBase"]
[SourceQuality "1"]
[TimeControl "40/5400+30:1800+30"]

1. d4 Nf6 2. Nf3 e6 3. e3 c5 4. c3 Nc6 5. Bd3 cxd4 6. cxd4 Nb4 7. Nc3 Nxd3+ 8. Qxd3 Be7 9. e4 O-O 10. O-O b6 11. Bg5 a5 12. Rfe1 Ba6 13. Qd2 h6 14. Bh4 d5 15. exd5 Nxd5 16. Bxe7 Nxe7 17. Rac1 Ng6 18. d5 exd5 19. Qxd5 Nf4 20. Qxd8 Rfxd8 21. Rcd1 Rxd1 22. Rxd1 Ne2+ 23. Nxe2 Bxe2 24. Rd2 Bxf3 25. gxf3 Re8 26. Rd6 Rb8 27. b4 axb4 28. Rd4 Re8 29. Rxb4 Kh7 30. h3 Re6 31. a4 f5 32. Rb5 Kg6 33. a5 bxa5 34. Rxa5 Rd6 35. Kg2 Rd4 36. Kg3 Kg5 37. Rc5 g6 38. Rc6 Kh5 39. Rc5 Kg5 40. Rc6 f4+ 41. Kg2 Rd5 42. Rc4 Kf5 43. Re4 g5 44. Re8 Rd6 45. Re4 h5 46. Re8 Rd5 47. Rh8 Kg6 48. Rg8+ Kh7 49. Ra8 Rd7 50. Ra5 Rg7 51. Kh2 Rg6 52. h4 Kh6 1/2-1/2

[Event "FIDE CB Open 2022"]
[Site "Ceske Budejovice"]
[Date "2022.07.03"]
[Round "3.46"]
[White "Holub, Adam"]
[Black "Hrbek, Jachym"]
[Result "0-1"]
[ECO "C42"]
[WhiteElo "1817"]
[BlackElo "1695"]
[Annotator "NA"]
[PlyCount "63"]
[EventDate "2022.07.01"]
[EventType "swiss"]
[EventCountry "CZE"]
[SourceTitle "playchess.com"]
[Source "ChessBase"]
[SourceQuality "1"]
[TimeControl "40/5400+30:1800+30"]

1. e4 e5 2. Nf3 Nf6 3. Nxe5 d6 4. Nf3 Nxe4 5. Nc3 Nxc3 6. dxc3 Be7 7. Be3 Nc6 8. Qd2 Bf5 9. O-O-O a6 10. h3 Qd7 11. Nd4 Be4 12. f3 Bg6 13. h4 h6 14. Bc4 Ne5 15. Bb3 c5 16. h5 Bh7 17. f4 c4 18. fxe5 cxb3 19. Nxb3 O-O-O 20. Qd4 Qf5 21. Qc4+ Kb8 22. Nd4 Qe4 23. Rhe1 dxe5 24. Qxf7 Rxd4 25. Rd3 Rxd3 26. cxd3 Qxd3 27. Qb3 Qb1+ 28. Kd2 Rd8+ 29. Bd4 Qd3+ 30. Kc1 Bg5+ 31. Re3 Bxe3+ 32. Bxe3 0-1